[Event "German-ch Blitz Women 2022"]
[Site "Magdeburg"]
[Date "2022.08.13"]
[Round "21.1"]
[White "Zschischang, Marine"]
[Black "Paehtz, Elisabeth"]
[Result "0-1"]
[ECO "A48"]
[WhiteElo "2083"]
[BlackElo "2484"]
[Annotator "TA"]
[PlyCount "85"]
[EventDate "2022.08.10"]
[EventType "tourn"]
[EventCountry "GER"]
[SourceTitle "playchess.com"]
[Source "ChessBase"]
[SourceQuality "1"]
[TimeControl "180+2"]

1. d4 Nf6 2. Nf3 g6 3. Nc3 d5 4. Bf4 c6 5. e3 Bg7 6. Be2 Nbd7 7. Ne5 {[%emt 0:00:01] D00: 1 d4 d5: Unusual lines.} Qb6 8. Na4 Qa5+ 9. c3 {[%emt 0:00:01] The position is equal.} Nxe5 (9... O-O {is interesting.} 10. O-O Re8 11. Re1 Nxe5 12. Bxe5 Ne4) 10. Bxe5 {[%emt 0:00:02] [#]} h5 $146 ({Predecessor:} 10... O-O 11. O-O Nd7 12. b4 Qd8 13. Bxg7 Kxg7 14. f4 h5 15. Nc5 Nf6 16. Bf3 Qc7 {½-½ (35) Silva Lillo,S (2368)-Emmenecker,P (2205) France 2007}) 11. h4 Qd8 12. b4 ({Better is} 12. Nc5 $11) 12... b6 13. Bd3 O-O 14. Qc2 Ng4 15. Bxg7 Kxg7 16. e4 dxe4 17. Bxe4 Qd6 18. g3 (18. Nb2 $17) 18... Nf6 $2 (18... f5 $19 19. Bf3 f4) 19. Bg2 ({White should play} 19. O-O $1 $15) 19... Bf5 20. Qc1 {[%emt 0:00:16] [#]} (20. Qe2 $17) 20... Bd3 (20... e5 $1 $19 21. O-O exd4) 21. Nb2 $15 Ba6 {[%emt 0:00:02] 0x0.0019ed129cb4dp-1022s more active pieces. The white rooks are badly placed.} 22. Qe3 {[%emt 0:00:08] [#]} (22. Qd2 $15) 22... Ng4 $1 $19 23. Qd2 Qe6+ 24. Kd1 Qf5 $36 {[%emt 0:00:08][%mdl 2048] Black is really pushing.} 25. f4 (25. f3 $17 {might work better.} Nh6 26. Re1) 25... Rac8 26. Re1 e6 ({Black should try} 26... Rfd8 $17 {Threatens to win with ...c5.} 27. Kc1 (27. Rxe7 $2 Re8 $19) 27... c5 28. bxc5 bxc5) 27. Be4 $2 {[%emt 0:00:04] This move loses the game for White.} (27. a4 $1 $15) 27... Qf6 {[%emt 0:00:01] White must now prevent ...c5.} 28. Bd3 (28. a4 {is a better defense.} c5 29. b5) 28... Bxd3 29. Nxd3 Qf5 (29... c5 $19 30. bxc5 bxc5 31. dxc5 (31. Nxc5 $2 Rxc5 32. Rc1 Rc4 $19) 31... Rfd8) 30. Ne5 (30. Kc1 $17) 30... c5 31. Nf3 $2 (31. bxc5 bxc5 32. d5 (32. Nd7 $2 Rfd8 $19)) 31... cxb4 {[%emt 0:00:03] Black is clearly winning.} 32. cxb4 Rfd8 {[%emt 0:00:07][%cal Oe6e5] Hoping for ...e5!} 33. Rc1 Qd5 34. Rf1 Rxc1+ 35. Kxc1 Qc4+ 36. Kb2 Qxf1 37. Qc3 Qf2+ 38. Kb3 Qe3 39. d5+ Qxc3+ 40. Kxc3 Rxd5 41. a4 Ne3 42. Ne5 Nf5 43. b5 {Weighted Error Value: White=0.93/Black=0.31} 0-1

[Event "German-ch Blitz Women 2022"]
[Site "Magdeburg"]
[Date "2022.08.13"]
[Round "21.2"]
[White "Staerk, Elisa"]
[Black "Schuster, Rebekka"]
[Result "1-0"]
[ECO "A84"]
[WhiteElo "1947"]
[BlackElo "1815"]
[Annotator "TA"]
[PlyCount "37"]
[EventDate "2022.08.10"]
[EventType "tourn"]
[EventCountry "GER"]
[SourceTitle "playchess.com"]
[Source "ChessBase"]
[SourceQuality "1"]
[TimeControl "180+2"]

1. d4 e6 2. c4 f5 3. Nc3 Nf6 4. g3 Be7 5. Bg2 d6 6. Nh3 {[%emt 0:00:01] A91: Classical Dutch: Early Deviations.} Nc6 7. O-O {[%emt 0:00:02] White is more active.} O-O 8. d5 {[%emt 0:00:08] White is slightly better.} Ne5 9. b3 c6 10. dxe6 Bxe6 11. Bb2 {[%emt 0:00:08] [#]} Qe8 $146 ({Predecessor:} 11... Kh8 12. Nf4 Bg8 13. Qc2 Qa5 14. e3 Nfd7 15. Rad1 Qc7 16. Rd2 Nc5 17. Rfd1 a5 {0-1 (34) Logothetis,S (2270)-Aggelopoulos,G (2090) Athens 2001}) 12. Qc2 Rd8 13. Rad1 Nf7 14. e4 ({Better is} 14. e3 $16) 14... fxe4 $11 15. Nxe4 Nxe4 16. Bxe4 $4 (16. Qxe4 $11 {and White is okay.} Bxh3 17. Bxh3) 16... h6 $4 (16... Bxh3 $19 17. Bxh7+ Kh8 18. Bxg7+ Kxg7 19. Qg6+ Kh8) 17. Nf4 {[%emt 0:00:04] Intending Bh7+ and mate.} Ng5 {[%emt 0:00:13] [#] Inhibits Bh7+.} 18. Bg6 ({But not} 18. Qc3 $2 Bf6 19. Qc2 Bxb2 $19) (18. Bh7+ $1 $18 {[%mdl 512] is the precise move to win.} Nxh7 19. Nxe6) 18... Bf7 (18... Qd7 $16) 19. Bf5 {[%emt 0:00:06] Weighted Error Value: White=0.58/Black=0.59} ({Not} 19. Qc3 $2 Bf6 20. Bxf7+ Rxf7 $19) 1-0

[Event "German-ch Blitz Women 2022"]
[Site "Magdeburg"]
[Date "2022.08.13"]
[Round "21.3"]
[White "Melamed, Tatjana"]
[Black "Fock, Sana"]
[Result "1-0"]
[ECO "B50"]
[WhiteElo "2380"]
[BlackElo "1807"]
[Annotator "TA"]
[PlyCount "67"]
[EventDate "2022.08.10"]
[EventType "tourn"]
[EventCountry "GER"]
[SourceTitle "playchess.com"]
[Source "ChessBase"]
[SourceQuality "1"]
[TimeControl "180+2"]

1. e4 c5 2. Nf3 d6 3. c3 Nc6 4. Bc4 e6 5. Qe2 Nf6 6. Bb3 Be7 7. O-O O-O 8. d3 {[%emt 0:00:01] B50: Sicilian: 2...d6, Miscellaneous.} Rb8 9. Nbd2 (9. d4 $5 ) 9... b5 10. Re1 {[%emt 0:00:01] The position is equal.} a5 {[%emt 0:00:12] [#]} 11. a4 $146 ({Predecessor:} 11. Bc2 Ba6 12. Nf1 b4 13. Ba4 Qc7 14. Bxc6 Qxc6 15. c4 Nd7 16. b3 Bf6 17. Bb2 {1-0 (35) Ponkratov,P (2407)-Mikhalchenko,P (2224) Dagomys 2004}) 11... b4 12. Bc4 d5 13. Bb5 Bb7 14. e5 Nd7 15. d4 c4 16. Nf1 $1 Qc8 17. Ng3 (17. Ng5 {with more complications.} Ba6 18. Bxa6 Qxa6 19. Qh5) 17... Nd8 ({Better is} 17... bxc3 $11 18. bxc3 Ba6) 18. Bxd7 (18. Nh5 {seems wilder.} Bc6 19. Bg5 Bxg5 20. Nxg5 Bxb5 21. axb5 bxc3 22. bxc3 Rxb5 23. Qg4) 18... Qxd7 19. Bg5 f5 ({Black should play} 19... Bxg5 $11 20. Nxg5 h6) 20. exf6 $1 $14 Bxf6 21. Bxf6 Rxf6 22. Ne5 Qc7 23. Nh5 {[%emt 0:00:08] Pair of Knights!} Rf5 {[%emt 0:00:11] [#]} (23... Rh6 $1 $14) 24. Qg4 $1 $36 {[%emt 0:00:07][%mdl 2048] Keeping Black busy. White is more active.} Nc6 (24... bxc3 $16 {might work better.} 25. bxc3 Bc8) 25. Nxc6 $18 Bxc6 26. Rxe6 g6 {[%emt 0:00:06] [#]} (26... Rf7) 27. Rxg6+ $1 hxg6 28. Qxg6+ Kh8 29. Qxf5 {[%emt 0:00:03] Threatens to win with Qf6+.} Re8 30. Qf6+ Kg8 31. Qg6+ Kh8 32. Qh6+ (32. Nf6 $142 Re1+ 33. Rxe1 Qxh2+ 34. Kxh2 bxc3 35. Qh7#) 32... Qh7 33. Qxh7+ Kxh7 34. Nf6+ {[%emt 0:00:01] Weighted Error Value: White=0.09 (flawless) /Black=0.57} 1-0

[Event "German-ch Blitz Women 2022"]
[Site "Magdeburg"]
[Date "2022.08.13"]
[Round "21.4"]
[White "Schulze, Lara"]
[Black "Heil, Marina"]
[Result "0-1"]
[ECO "B07"]
[WhiteElo "2292"]
[BlackElo "1926"]
[Annotator "TA"]
[PlyCount "131"]
[EventDate "2022.08.10"]
[EventType "tourn"]
[EventCountry "GER"]
[SourceTitle "playchess.com"]
[Source "ChessBase"]
[SourceQuality "1"]
[TimeControl "180+2"]

1. e4 d6 2. d4 Nf6 3. Nc3 Nbd7 4. g3 e5 5. Nge2 Be7 6. Bg2 O-O 7. O-O c6 8. a4 a5 {[%emt 0:00:02] B07: Pirc Defence: Miscellaneous Systems.} 9. h3 h6 10. g4 {[%emt 0:00:09] [#]} Nh7 $146 {[%emt 0:00:08] The position is equal.} ({Predecessor:} 10... Re8 11. Re1 exd4 12. Nxd4 Nc5 13. Nf5 Bxf5 14. exf5 d5 15. Be3 Bd6 16. Bd4 Nfe4 17. Nxe4 Nxe4 18. Bxe4 Rxe4 19. Rxe4 dxe4 {½-½ (51) Dudzinski,P (2201)-Elissalt Cardenas,H (2297) Chess.com INT 2021}) 11. Ng3 Bg5 12. f4 exf4 13. Bxf4 Bxf4 14. Rxf4 Ng5 15. Nf5 (15. Rf2 $14) 15... Nb6 16. Rf1 Nc4 (16... d5 $11 {deserves consideration.}) 17. Qc1 (17. Qe2 $14 Bxf5 18. gxf5) 17... Qb6 $15 {[%emt 0:00:11] Hoping for ...Bxf5.} 18. b3 $2 {[%emt 0:00:07][%mdl 8192] Black keeps a firm grip on the game.} (18. Ne7+ $11 Kh7 19. Ne2) 18... Bxf5 $19 19. bxc4 Qxd4+ 20. Kh1 (20. Kh2 {was worth a try.}) 20... Bxg4 ({But not} 20... Qxc3 $2 21. gxf5 Qxc4 22. f6 $19) 21. hxg4 Qxc3 22. Qf4 Qxc4 23. Qxd6 Rad8 24. Qc7 Rd2 25. Qxb7 Qxc2 (25... Qe2 $142 26. Rg1 Qxg4 27. Qc7 Nxe4 28. Ra3 Qh5+ 29. Rh3 Nf2+ 30. Kh2 Nxh3 31. Kg3 Nxg1 32. Qe7 Qg6+ 33. Kf4 Qxg2 34. c4 Rd4+ 35. Kf5 Qg6+ 36. Ke5 Nf3#) 26. Rac1 Qd3 ({Worse is} 26... Rxg2 27. Rxc2 Rxc2 28. Qc7 $17) 27. Qxc6 Qg3 {[%emt 0:00:20][%csl Gd2,LRg2,LRg4][%cal Rg3g2] [#]} 28. e5 Ne6 (28... Qh4+ $142 29. Kg1 Rfd8) 29. Qf3 Qh4+ ({Don't blunder} 29... Qxe5 $2 30. Rce1 Qb8 31. Rb1 $19) 30. Kg1 $2 (30. Qh3 Qxh3+ 31. Bxh3) 30... Nd4 31. Qh3 Ne2+ 32. Kh1 Ng3+ 33. Kg1 Ne2+ 34. Kh1 $1 Qxh3+ 35. Bxh3 Nxc1 36. Rxc1 {[%emt 0:00:01][%mdl 4096] Endgame KRR-KRB} Re8 37. Rc5 Rb8 38. Rc1 {[%emt 0:00:14] Inhibits Rb1.} g6 39. Bf1 Rb4 40. Bb5 Kg7 41. Rg1 Re4 42. Rf1 Rxe5 43. Bc4 f6 {[%emt 0:00:01] ...Rd4 is the strong threat.} 44. Bb5 g5 45. Rg1 Rd4 46. Kh2 Ree4 47. Kh3 Re3+ 48. Kh2 Kg6 49. Bc6 h5 50. gxh5+ Kxh5 51. Rf1 Re2+ 52. Kg3 Rg4+ (52... Rd3+ $142 53. Rf3 Ree3 54. Rxe3 Rxe3+ 55. Kf2 Ra3 56. Kg2 Kg4 57. Kh2 Kf4 58. Bd7 Kf3 59. Kg1 Ra1+ 60. Kh2 Kf2 61. Kh3 Rg1 62. Kh2 g4 63. Bc6 Rg3 64. Bg2 Rxg2+ 65. Kh1 Rg3 66. Kh2 Rh3#) 53. Kh3 Re3+ 54. Kh2 Rh4+ (54... Kh4 $142 55. Bf3 Rxa4 56. Bg2 Ra2 57. Rxf6 Ree2 58. Rh6+ Kg4 59. Kh1 Rxg2 60. Rh4+ Kf3 61. Rf4+ Ke2 62. Re4+ Kd2 63. Kxg2 Kd3+ 64. Kf3 {[#]} Rf2+ $3 65. Kxf2 Kxe4 66. Ke2 g4 67. Ke1 a4 68. Ke2 g3 69. Kf1 a3 70. Ke2 a2 71. Kd2 g2 72. Kc3 a1=Q+ 73. Kb4 g1=Q 74. Kc4 Qgd4+ 75. Kb5 Qaa4#) 55. Kg2 Reh3 $2 (55... Rc4 56. Bb5 Rc2+ 57. Rf2 Rxf2+ 58. Kxf2 Ra3) 56. Rxf6 (56. Be8+ Kh6 57. Rxf6+ Kh7 58. Rf7+ Kh6 59. Rf6+ Kh7 60. Rf7+ Kh6 61. Rf6+) 56... Rh2+ 57. Kg1 Ra2 {[%emt 0:00:03] ( -> ...Rd4)} 58. Bf3+ g4 59. Bc6 g3 60. Bb5 Rd4 61. Rf1 Kg4 62. Re1 Rdd2 63. Bc6 Kh3 64. Rc1 Rh2 (64... Rac2 $142 65. Bd7+ Rxd7 66. Rf1 Rdd2 67. Re1 Rh2 68. Re8 Rcg2+ 69. Kf1 Rh1#) 65. Bd7+ Kh4 66. Rc4+ {[%emt 0:00:02] Weighted Error Value: White=0.99/Black=0.68} 0-1

[Event "German-ch Blitz Women 2022"]
[Site "Magdeburg"]
[Date "2022.08.13"]
[Round "21.5"]
[White "Nikolaeva, Mariya A"]
[Black "Leveikina, Jevgenija"]
[Result "1-0"]
[ECO "B13"]
[WhiteElo "1309"]
[BlackElo "2061"]
[Annotator "NA RC"]
[PlyCount "97"]
[EventDate "2022.08.10"]
[EventType "tourn"]
[EventCountry "GER"]
[SourceTitle "playchess.com"]
[Source "ChessBase"]
[SourceQuality "1"]
[TimeControl "180+2"]

1. e4 c6 2. d4 d5 3. exd5 cxd5 4. Bd3 Nc6 5. c3 Nf6 6. Nf3 Bg4 7. h3 Bh5 8. Bf4 e6 9. Nbd2 Bd6 10. Bxd6 Qxd6 11. O-O O-O 12. Re1 a6 13. Qc1 Rac8 14. Ne5 Nxd4 15. Nf1 Nc6 16. Nxc6 Rxc6 17. Ng3 Bg6 18. Be2 b5 19. Qg5 Rfc8 20. Bf3 Rc4 21. Rad1 Qf4 22. Qxf4 Rxf4 23. Ne2 Rfc4 24. Nd4 h6 25. Kf1 b4 26. cxb4 Rxb4 27. b3 Be4 28. Be2 a5 29. Nb5 Rc2 30. a3 Rxe2 31. axb4 Rb2 32. bxa5 Rxb3 33. Nd4 Rb2 34. f3 Bg6 35. Ra1 Nh5 36. a6 Bd3+ 37. Kg1 Nf4 38. a7 Rxg2+ 39. Kh1 Rg3 40. a8=Q+ Kh7 41. Kh2 Rg2+ 42. Kh1 Rg3 43. Ra2 Bc4 44. Rh2 Nd3 45. Rg1 Rxg1+ 46. Kxg1 e5 47. Nc2 e4 48. fxe4 dxe4 49. Qxe4+ 1-0

[Event "German-ch Blitz Women 2022"]
[Site "Magdeburg"]
[Date "2022.08.13"]
[Round "21.6"]
[White "Zhou, Lepu Coco"]
[Black "Kosovska, Olena"]
[Result "0-1"]
[ECO "B32"]
[WhiteElo "1986"]
[BlackElo "1831"]
[Annotator "TA"]
[PlyCount "90"]
[EventDate "2022.08.10"]
[EventType "tourn"]
[EventCountry "GER"]
[SourceTitle "playchess.com"]
[Source "ChessBase"]
[SourceQuality "1"]
[TimeControl "180+2"]

1. e4 c5 2. Nf3 Nc6 3. d4 cxd4 4. Nxd4 e5 5. Nb5 a6 6. Nd6+ Bxd6 7. Qxd6 Qf6 8. Qxf6 Nxf6 9. Bd3 {B32: Sicilian: Löwenthal and Kalashnikov Variations.} d5 10. exd5 Nxd5 11. O-O Ndb4 {[#]} 12. f4 $146 (12. Be4 $11 {might be stronger.}) ({Predecessor:} 12. Rd1 Nxd3 13. Rxd3 Bf5 14. Rd2 O-O 15. Na3 Rfd8 16. Rxd8+ Rxd8 17. Be3 Nb4 18. c3 Nxa2 {0-1 (46) Brimble,M (1518)-Gaviria Velazquez,G (2065) Dos Hermanas 2004}) 12... Nxd3 $15 13. cxd3 O-O 14. Nc3 Rd8 15. fxe5 Nxe5 16. Bf4 Nxd3 17. Rad1 Bg4 {Prevents Rf3.} 18. Rd2 Nxf4 {Black is more active.} 19. Rxd8+ Rxd8 20. Rxf4 $17 {[%mdl 4096] Endgame KRB-KRN} Be6 21. h4 Rd2 22. b3 (22. Rb4 $17) 22... h6 $19 23. Rb4 b5 24. a4 Rc2 25. Ne4 bxa4 26. bxa4 Rc4 27. Rxc4 Bxc4 $17 {KB-KN} 28. a5 {[#]} (28. Kf2 $17 {was necessary.}) 28... Kf8 $1 $19 29. Kf2 Ke7 30. Ke3 Bf1 (30... Kd7 $19 31. Kd4 Bf1) 31. g4 $17 Ke6 32. g5 (32. Ng3 $17 Bh3 33. Kf4) 32... hxg5 $19 33. hxg5 (33. Nxg5+ {is the only way for White.} Kf6 34. Kf3) 33... Ke5 34. Ng3 Bb5 35. Nh5 $2 (35. Ne4) 35... g6 (35... Kf5 $142 36. Ng3+ Kxg5 37. Ne4+ Kg6) 36. Nf6 Kf5 (36... Bc4 $19 {Threatens to win with ...Be6.} 37. Ne8 Be6) 37. Ne4 {[#]} (37. Nh7 $17 {was the only chance.}) 37... Bc6 (37... Bd7 $1 $19 {has better winning chances. aiming for ...Be6.} 38. Kd4 Kf4) 38. Nd6+ $2 (38. Nc5 $17 {nothing else works.}) 38... Kxg5 {Hoping for ...f5.} 39. Nxf7+ Kf6 40. Nd8 (40. Nh6 $19 Ke5 41. Kd3) 40... Bb5 $2 (40... Bd5 {mates} 41. Kf4 Ke7 42. Kg5 Be4 43. Nb7 Bxb7 44. Kxg6 Kd6 45. Kf6 Kc6 46. Ke5 Kb5 47. Kd4 Kb4 48. Kd3 Kb3 49. Ke3 Bc6 50. Kd4 Bg2 51. Ke3 Ka4 52. Kd2 Be4 53. Kc3 Ka3 54. Kc4 Bc6 55. Kd4 Kb4 56. Kd3 Ba4 57. Kd2 Kb3 58. Ke3 Bc6 59. Kf2 Ka4 60. Ke3 Kb4 61. Kd3 Ba4 62. Ke3 Kc3 63. Kf4 Kd2 64. Kg5 Bb5 65. Kg4 Bc6 66. Kf5 Kc3 67. Kf4 Kd2 68. Kg4 Bd5 69. Kf5 Ke3 70. Kg4 Be4 71. Kg3 Bf3 72. Kh3 Kf2 73. Kh4 Be2 74. Kg5 Ke3 75. Kh6 Ke4 76. Kg6 Bf3 77. Kg5 Ke5 78. Kh4 Kf4 79. Kh3 Bd5 80. Kh2 Kf3 81. Kh3 Kf4 82. Kh4 Bf3 83. Kh3 Be4 84. Kh4 Kf3 85. Kg5 Kg3 86. Kh5 Bb1 87. Kg5 Be4 88. Kh5 Bf3+ 89. Kg5 Bg4 90. Kf6 Kf4 91. Kg6 Bf3 92. Kf6 Be4 93. Ke6 Bb7 94. Kf6) 41. Nb7 $2 (41. Kf4 $17 {was the only defense.}) 41... g5 $2 (41... Ke5 $19 {is more deadly. White must now prevent ...Bf1.} 42. Nd8 Kd5) 42. Nd6 Bf1 (42... Bd7 $17 43. Ne4+ Kg6) 43. Kf3 (43. Kf2 $1 $11) 43... Ke6 (43... Bh3 $17) 44. Ne4 $11 Kd5 45. Nxg5 Kc5 {[%mdl 32768] Weighted Error Value: White=0.84/Black=0.63. Sensor Board Error (Ke4/e5)?} 0-1

[Event "German-ch Blitz Women 2022"]
[Site "Magdeburg"]
[Date "2022.08.13"]
[Round "21.7"]
[White "Muetsch, Annmarie"]
[Black "Falke, Ornella"]
[Result "1-0"]
[ECO "B51"]
[WhiteElo "2249"]
[BlackElo "1912"]
[Annotator "TA"]
[PlyCount "41"]
[EventDate "2022.08.10"]
[EventType "tourn"]
[EventCountry "GER"]
[SourceTitle "playchess.com"]
[Source "ChessBase"]
[SourceQuality "1"]
[TimeControl "180+2"]

1. e4 c5 2. Nf3 d6 3. Bb5+ Nd7 4. Ba4 Ngf6 5. c4 g6 ({Black should try} 5... Nxe4 $15 6. d3 Nef6) 6. O-O {[%emt 0:00:02] B51: Sicilian: Moscow Variation (3 Bb5+) without 3...Bd7.} Bg7 7. Nc3 e5 8. d3 {[%emt 0:00:04] White is slightly better.} O-O 9. h3 {[%emt 0:00:06] [#]} h6 $146 ({Predecessor:} 9... Nb6 10. Bc2 Nh5 11. Rb1 Nf4 12. b4 Ne6 13. bxc5 dxc5 14. Nd5 Nd7 15. Bb2 f6 {½-½ (42) Khusnutdinov,R (2491)-G,A (2495) Chess.com INT 2020}) 10. Bd2 a6 11. a3 Rb8 12. b4 Qc7 (12... Nh5 $14) 13. Rb1 Ne8 (13... b6 $142) 14. Nd5 $16 Qd8 15. b5 (15. Bxd7 $16 Bxd7 16. bxc5) 15... f5 (15... axb5 $14 16. Bxb5 Ndf6) 16. Qe1 {[%emt 0:00:23] 0x0.001b83e802e1dp-1022s more active pieces. The black rooks are badly placed.} (16. bxa6 $16 {Strongly threatening exf5.} fxe4 17. axb7 (17. dxe4 bxa6 18. Rxb8 Nxb8 $16) 17... Rxb7 18. Rxb7 (18. dxe4 Rxb1 19. Qxb1 Ndf6 $16) 18... Bxb7 19. dxe4) 16... b6 (16... Ra8 $11) 17. bxa6 Bxa6 {[%emt 0:00:01] [#]} 18. Bxd7 (18. Nh4 $142 $1 ) 18... Qxd7 19. Nxb6 {[%emt 0:00:07] Pair of Knights!} ({White should play} 19. Nh4 $16 fxe4 20. Nxg6) 19... Qc6 $2 (19... Qa7 $1 $11 20. Ba5 Rf7) 20. Nd5 $18 Nf6 $2 (20... Rxb1 21. Qxb1 (21. Ne7+ Kh7 $11) 21... Kh7) 21. Ne7+ {[%emt 0:00:02] Weighted Error Value: White=0.35/Black=0.61} 1-0

[Event "German-ch Blitz Women 2022"]
[Site "Magdeburg"]
[Date "2022.08.13"]
[Round "21.8"]
[White "Daemering, Katrin"]
[Black "Stangl, Anita"]
[Result "1-0"]
[ECO "C00"]
[WhiteElo "1965"]
[BlackElo "2023"]
[Annotator "TA"]
[PlyCount "63"]
[EventDate "2022.08.10"]
[EventType "tourn"]
[EventCountry "GER"]
[SourceTitle "playchess.com"]
[Source "ChessBase"]
[SourceQuality "1"]
[TimeControl "180+2"]

1. e4 e6 2. d3 d5 3. Qe2 dxe4 4. dxe4 c5 5. Nc3 Nc6 6. Nf3 {[%emt 0:00:02] [#] C00: French: Unusual White 2nd moves.} Nf6 $146 ({Predecessor:} 6... Nd4 7. Qd3 a6 8. Ne2 Nxf3+ 9. Qxf3 e5 10. Nc3 Be6 11. Be2 Ne7 12. O-O Nc6 13. Qg3 {1-0 (25) Schippke,M (1794)-Tran,A (1570) Tornelo INT 2020}) 7. Bd2 a6 $1 8. O-O-O {[%emt 0:00:03] The position is equal.} Qc7 9. g3 Be7 10. Bg2 O-O 11. Bf4 Qa5 ({Black should try} 11... e5 $15 12. Bg5 Nd4) 12. Kb1 b5 $1 {[%emt 0:00:14] ...b4 is the strong threat.} 13. e5 Nh5 (13... Nd5 $1 $15 {keeps the upper hand.}) 14. Bd2 b4 15. Ne4 Bb7 16. g4 Nd4 (16... f5 $142) 17. Nxd4 $18 cxd4 18. gxh5 Qxe5 {[%emt 0:00:02] [#]} 19. Qg4 $2 (19. Nf6+ $1 $18 Bxf6 20. Qxe5 Bxe5 21. Bxb7) 19... f5 $14 20. Bf4 (20. f4 $1 $14 Qa5 21. Qe2 (21. Qh3 Bd5 $14)) 20... Qb5 {[%emt 0:00:17] [#]} (20... Qa5 $1 $15 21. Qg3 (21. Qh3 Bd5 $17) 21... fxe4) 21. Qg3 $1 fxe4 $11 22. h6 (22. Rxd4 $2 Rxf4 $1 23. Qxf4 e5 $19) 22... g6 23. Rxd4 Bd5 (23... Bf6 $1 $15 {stays ahead.} 24. Rxe4 Bxe4 25. Bxe4 Rad8) 24. Bxe4 $40 {[%emt 0:00:07][%mdl 128] White attacks with force.} Bf6 {[%emt 0:00:30] [#]} 25. Bxg6 $2 {[%emt 0:00:03][%mdl 8192] Chess con chili.} Kh8 $4 {[%emt 0:00:05][%mdl 8192] [#]} ({Don't do} 25... Bxa2+ 26. Kxa2 Kh8 27. Be3 $1 hxg6 28. Qxg6 $18) (25... hxg6 $19 {and life is good for Black.} 26. Qxg6+ Kh8) 26. Bd3 (26. Be4 $1 $18 {[%cal Od4d5] Strongly threatening Rxd5!} Bxa2+ 27. Kxa2 Bxd4 28. Bxa8 (28. Kb1 Rg8 $15) 28... b3+ 29. Qxb3 Rxf4 30. f3) 26... Bxh1 27. Bxb5 $18 {[%emt 0:00:04][%cal Of4e5,Bd3b5,Bb5c4,Bc4e6][%mdl 32] White wants to mate with Be5!} Bxd4 28. Bc4 {[%emt 0:00:08] White mates.} Ra7 29. Be5+ Bxe5 30. Qxe5+ Kg8 31. Bxe6+ Raf7 32. Qg7# {[%emt 0:00:03] Weighted Error Value: White=0.70/Black=0.69} 1-0

[Event "German-ch Blitz Women 2022"]
[Site "Magdeburg"]
[Date "2022.08.13"]
[Round "21.9"]
[White "Khrapko, Marharyta"]
[Black "Wulf, Constanze"]
[Result "1-0"]
[ECO "B01"]
[WhiteElo "2128"]
[BlackElo "1835"]
[Annotator "NA RC"]
[PlyCount "57"]
[EventDate "2022.08.10"]
[EventType "tourn"]
[EventCountry "GER"]
[SourceTitle "playchess.com"]
[Source "ChessBase"]
[SourceQuality "1"]
[TimeControl "180+2"]

1. e4 d5 2. exd5 Qxd5 3. Nf3 Bg4 4. Be2 Nc6 5. c4 Qd6 6. d4 O-O-O 7. Be3 g6 8. O-O Bg7 9. Nc3 Bxf3 10. Bxf3 Nxd4 11. Bxd4 Qxd4 12. Qb3 Qb6 13. Qa3 e6 14. c5 Qa6 15. Qb4 Rd4 16. Qb3 Ne7 17. Nb5 Rd2 18. Rab1 Rhd8 19. Rfd1 Nc6 20. Bxc6 bxc6 21. Nd6+ cxd6 22. Rxd2 dxc5 23. Rxd8+ Kxd8 24. Qb8+ Ke7 25. Qc7+ Kf6 26. Qd8+ Kf5 27. h3 Qxa2 28. g4+ Kf4 29. Qd2+ 1-0

[Event "German-ch Blitz Women 2022"]
[Site "Magdeburg"]
[Date "2022.08.13"]
[Round "21.10"]
[White "Grabowski, Petra"]
[Black "Doll, Rebecca"]
[Result "1/2-1/2"]
[ECO "D55"]
[WhiteElo "1643"]
[BlackElo "1933"]
[Annotator "TA"]
[PlyCount "98"]
[EventDate "2022.08.10"]
[EventType "tourn"]
[EventCountry "GER"]
[SourceTitle "playchess.com"]
[Source "ChessBase"]
[SourceQuality "1"]
[TimeControl "180+2"]

1. d4 d5 2. c4 e6 3. Nc3 Be7 4. Nf3 Nf6 5. Bg5 O-O 6. e3 a6 7. Qc2 c5 {[%emt 0:00:05] D55: Queen's Gambit Declined: 4 Bg5 Be7: Lines without ...h6 and 6...h6 7 Bxf6.} 8. dxc5 dxc4 9. Bxc4 Bxc5 {[%emt 0:00:30] White is slightly better.} 10. O-O h6 11. Bh4 {[%emt 0:00:04] White is more active.} b5 (11... Nbd7 $14) 12. Be2 (12. Bxf6 $16 Qxf6 13. Ne4) 12... Nbd7 $14 13. Rfd1 Qc7 {[%emt 0:00:09] [#] Against Ne5} 14. Bg3 $146 (14. Bxf6 $16 Nxf6 15. Nxb5) ({Predecessor:} 14. Rac1 Be7 15. Nd5 Nxd5 16. Qxc7 Nxc7 17. Bxe7 Re8 18. Rxc7 Rxe7 19. Ne5 Nxe5 20. Rxe7 Rb8 21. Rd8+ {1-0 (22) Sriram,J (2446)-Ajay,D (1865) Bhubaneswar 2011}) 14... Qa7 $11 15. Ne4 (15. Ne5 {keeps more tension.} Nxe5 16. Bxe5 Bb7 17. Bxf6 gxf6 18. Rd7) 15... Nxe4 16. Qxe4 Nf6 17. Qc2 (17. Qh4 $5 ) 17... Bb7 18. Be5 Nd5 (18... Bxe3 {looks sharper.} 19. fxe3 Qxe3+ 20. Kh1 Bxf3 21. Bxf3 Qxe5 22. Bxa8 Ng4) 19. Bd4 Rac8 {[%emt 0:00:08][%cal Ba8c8,Bc8c5,Bc5c2][%mdl 32] [#] Strongly threatening ...Bxd4.} 20. Bxc5 Rxc5 21. Qb3 Rfc8 22. Nd4 (22. a4 {seems wilder.} bxa4 23. Qxa4 Rc2 24. Qd4) 22... Nf6 23. Bf3 Bxf3 24. Nxf3 Rc2 25. Nd4 R2c4 26. Ne2 Ne4 27. Rac1 Rxc1 28. Rxc1 Rxc1+ 29. Nxc1 {[%mdl 4096] Endgame KQN-KQN} Qc5 30. Nd3 Qc6 31. Qd1 a5 32. b3 b4 33. Qc1 Qc3 34. Qxc3 Nxc3 {[%emt 0:00:01] KN-KN} ({Don't play} 34... bxc3 35. f3 Nf6 36. Kf2 $16) 35. Nc1 Kf8 36. Kf1 Ke7 37. Ke1 Kd6 38. Kd2 Ne4+ 39. Ke2 Nc5 40. Kd2 e5 41. Nd3 Nxd3 42. Kxd3 {[%emt 0:00:01] [#] Threatens to win with Kc4. KP-KP. The position is equal.} Kd5 43. f3 f5 44. e4+ fxe4+ 45. fxe4+ Kc5 46. h4 h5 47. g3 g6 48. Ke3 Kd6 49. Kd3 Kc5 {Weighted Error Value: White=0.11 (very precise) /Black=0.08 (flawless)} 1/2-1/2